 Dungeon Crawl Stone Soup version 0.25-a0-699-g25a338df49 (webtiles) character file.

Game seed: 2600441490443313408, levelgen mode: deterministic

140 DasRunzen the Conjurer (level 4, 0/36 HPs)
             Began as a Demigod Conjurer on Apr 2, 2020.
             Succumbed to a gnoll's poison
             ... on level 2 of the Dungeon.
             The game lasted 00:03:54 (1470 turns).

DasRunzen the Conjurer (Demigod Conjurer)           Turns: 1470, Time: 00:03:55

Health: 0/36       AC:  2    Str: 11    XL:     4   Next: 72%
Magic:  5/10       EV: 13    Int: 21    God:
Gold:   58         SH:  0    Dex: 16    Spells: 5/8 levels left

rFire    . . .     SeeInvis .   g - +2 spear (venom)
rCold    . . .     Gourm    .   (no shield)
rNeg     . . .     Faith    .   a - +0 robe
rPois    .         Spirit   .   (no helmet)
rElec    .         Reflect  .   (no cloak)
rCorr    .         Harm     .   (no gloves)
MR       .....                  (no boots)
Stlth    ++........             (no amulet)
HPRegen  0.12/turn              (no ring)
MPRegen  0.12/turn              (no ring)

@: lethally poisoned (0 -> -6), flying
A: high mp 1
a: no special abilities


You were on level 2 of the Dungeon.
You were not hungry.

You visited 1 branch of the dungeon, and saw 2 of its levels.

You collected 58 gold pieces.

Inventory:

Hand Weapons
 g - a +2 spear of venom (weapon)
Armour
 a - a +0 robe (worn)
 d - a +0 pair of boots
Jewellery
 j - a +2 ring of evasion
Scrolls
 h - a scroll of enchant weapon
 i - 2 scrolls of teleportation
 k - a scroll of remove curse
Potions
 b - a potion of stabbing
 e - 2 potions of magic
 f - a potion of might
Comestibles
 c - 3 rations


   Skills:
 + Level 1.9 Fighting
 + Level 2.8 Dodging
 - Level 1.7 Stealth
 + Level 2.6 Spellcasting
 + Level 4.2 Conjurations


You had 5 spell levels left.
You knew the following spells:

 Your Spells              Type           Power        Failure   Level  Hunger
a - Magic Dart            Conj           ###.         2%          1    None
b - Searing Ray           Conj           ###...       3%          2    ##.....

Your spell library contained the following spells:

 Spells                   Type           Power        Failure   Level  Hunger
 Dazzling Flash           Conj/Hex       ##....       17%         3    ###....
 Fulminant Prism          Conj/Hex       ##........   50%         4    ####...
 Iskenderun's Mystic Bla  Conj/Tloc      ##......     50%         4    ####...


Dungeon Overview and Level Annotations

Branches:
Dungeon (2/15)


Innate Abilities, Weirdness & Mutations

You have an increased reservoir of magic. (+10% MP)


Message History

You feel sick.
* * * LOW HITPOINT WARNING * * *
You feel sick.
* * * LOW HITPOINT WARNING * * *
You feel sick.
* * * LOW HITPOINT WARNING * * *
You feel sick.
* * * LOW HITPOINT WARNING * * *
You feel sick.
You see here a quokka corpse.
You butcher the quokka corpse.
* * * LOW HITPOINT WARNING * * *
You feel sick.
Things that are here:
2 chunks of flesh; a quokka skeleton
Okay, then.
There is a lethal amount of poison in your body!
There is a lethal amount of poison in your body!
There is a lethal amount of poison in your body!
You die...

#.....#.#........####.#
##.####.#........####.#
#..# #...........†)..#
##.#####........#######
#..# #...............
##.# #...............
### #...............
#...............
#.......@.......
#...............
#######.#.......
#.#....... #.#.......
#.#....... #.#.......
#.#....... #>########


There were no monsters in sight!

Vanquished Creatures
  4 adders (D:2)
  4 gnolls
  3 worms (D:2)
  3 leopard geckos
  3 giant cockroaches
  5 goblins
  3 hobgoblins
  10 jackals
  2 quokkas (D:2)
  A ball python (D:2)
  7 bats
  6 frilled lizards
  4 kobolds
  3 rats
58 creatures vanquished.

Notes
Turn   | Place    | Note
-------+----------+-------------------------------------------
     0 | D:1      | DasRunzen the Demigod Conjurer began the quest for the Orb.
     0 | D:1      | Reached XP level 1. HP: 14/14 MP: 5/5
    58 | D:1      | Reached XP level 2. HP: 2/22 MP: 0/7
   299 | D:1      | Learned a level 2 spell: Searing Ray
   325 | D:1      | Reached skill level 1 in Fighting
   501 | D:1      | Reached XP level 3. HP: 14/28 MP: 5/8
   908 | D:2      | Reached skill level 4 in Conjurations
  1152 | D:2      | Found a faded altar of an unknown god,
  1164 | D:2      | Reached XP level 4. HP: 35/35 MP: 6/10
  1469 | D:2      | HP: 1/36 [poisoned by a gnoll]
  1470 | D:2      | Succumbed to a gnoll's poison

Levels and vault maps discovered:
D:1:      heliophobic_arrival_glass_houses, layout_rooms
D:2:      minmay_spotlight, layout_basic, nicolae_overflow_crystal_walls,
          chequers_ecumenical_altar_simple, uniq_crazy_yiuf_cottage

Skill      XL: |  1  2  3 |
---------------+----------+-----
Dodging        | 2 |  2.8
Spellcasting   | 2 |  2.6
Fighting       | 1 |  1.9
Conjurations   | 4 |  4.2
Stealth        | |  1.7

Action                   |  1- 3 |  4- 6 || total
-------------------------+-------+-------++-------
Melee: Unarmed           |    46 |       ||    46
 Cast: Magic Dart        |    59 |    28 ||    87
       Searing Ray       |     4 |     2 ||     6
  Use: Scroll            |     6 |       ||     6
       Potion            |       |     1 ||     1
  Eat: Chunk             |     1 |     1 ||     2
Armor: Robe              |     7 |       ||     7
Dodge: Dodged            |    46 |     6 ||    52

Table legend:
 A = Non-vault XP
 B = Vault XP
 C = Vault XP percentage of total XP
 D = Non-vault monster count
 E = Vault monster count
 F = Vault count percentage of total count
                 A         B        C        D         E       F
            +---------+---------+-------+---------+---------+-------
      Total |     179 |      22 |  10.9 |      54 |       4 |   6.9
            +---------+---------+-------+---------+---------+-------
        D:1 |      52 |       0 |   0.0 |      24 |       0 |   0.0
        D:2 |     127 |      22 |  14.8 |      30 |       4 |  11.8
            +---------+---------+-------+---------+---------+-------
